 Dungeon Crawl Stone Soup version 0.28-a0-595-g9f6c0e134a (webtiles) character file.

Game seed: 4850458368864426821

199 SkeletonJelly the Vandal (level 5, -8/27 HPs)
             Began as a Spriggan Abyssal Knight on Oct 4, 2021.
             Was a Believer of Lugonu.
             Mangled by Grinder (9 damage)
             ... in a sewer.
             The game lasted 00:06:53 (3529 turns).

SkeletonJelly the Vandal (Spriggan Abyssal Knight)  Turns: 3529, Time: 00:06:54

Health: -8/27      AC:  2    Str:  9    XL:     5   Next: 48%
Magic:  7/7        EV: 18    Int: 12    God:    Lugonu [**....]
Gold:   140        SH:  0    Dex: 16    Spells: 4/4 levels left

rFire   . . .      SeeInvis +   c - +0 fustibalus
rCold   . . .      Faith    .   (shield restricted)
rNeg    . . .      Spirit   .   b - +0 robe
rPois   .          Reflect  .   (helmet restricted)
rElec   .          Harm     .   (no cloak)
rCorr   .          Rampage  .   (gloves unavailable)
Will    .....                   (boots unavailable)
Stlth   ++........              (no amulet)
HPRegen 0.09/turn               (no ring)
MPRegen 0.10/turn               (no ring)

@: attractive, very quick
A: very small, no large weapons, unfitting armour, see invisible, speed 3
a: Renounce Religion, Depart the Abyss, Bend Space


You were in a sewer.
You worshipped Lugonu.
Lugonu was pleased with you.
You visited 1 branch of the dungeon, and saw 3 of its levels.
You visited the Abyss 1 time.
You also visited: Sewer.

You collected 140 gold pieces.

Inventory:

Hand Weapons
 a - a +1 short sword
 c - a +0 fustibalus (weapon)
 f - a +2 falchion of electrocution
 l - a +0 dagger of protection
 r - a +0 dagger of venom
Missiles
 d - 52 stones (quivered ammo)
 g - 13 sling bullets
 p - 27 poisoned darts
 q - a throwing net
Armour
 b - a +0 robe (worn)
Scrolls
 e - 2 scrolls of enchant armour {unknown}
 i - a scroll of blinking {unknown}
 j - 4 scrolls of identify {unknown}
 m - a scroll of amnesia
Potions
 h - a potion of invisibility {unknown}
 k - a potion of heal wounds {unknown}
 n - a potion of curing
 o - a potion of attraction


   Skills:
 - Level 2.4 Fighting
 - Level 2.1 Short Blades
 + Level 5.9 Slings
 - Level 3.2 Dodging
 - Level 3.0 Stealth
 - Level 1.7 Invocations


You had 4 spell levels left.
You didn't know any spells.
Your spell library contained the following spells:

 Spells                   Type           Power      Damage    Failure   Level
 Magic Dart               Conj           0%         1d3       32%         1
 Searing Ray              Conj           0%         2d4       45%         2
 Fulminant Prism          Conj/Hex       0%         3d6       97%         4


Dungeon Overview and Level Annotations

Branches:
Dungeon (3/15)              Sewer (1/1)

Altars:

Annotations:
Sewer Grinder


Innate Abilities, Weirdness & Mutations

You are very small and have problems with some larger weapons.
You are too small for most types of armour.
You have supernaturally acute eyesight. (SInv)
You cover ground extremely quickly. (Speed+++)


Message History

The kobold brigand is heavily wounded.
You hear a splash.
You shoot a sling bullet.
The sling bullet hits the kobold brigand!
The kobold brigand is almost dead.
You shoot a sling bullet.
The sling bullet hits the kobold brigand!
You kill the kobold brigand!
Lugonu accepts your kill.
You hear a splash. x3
Training target 3.0 for Stealth reached!
Your Stealth skill gained 2 levels and is now at level 3!
You have reached level 5!
You feel agile.
Health restored: 27; MP restored: 7 You shoot a stone.
The stone hits the kobold zombie!
You destroy the kobold zombie!
Lugonu accepts your kill.
You shoot a stone. The stone hits the kobold!
You kill the kobold!
Lugonu accepts your kill.
You hear a splash. x2
You shoot a stone.
The stone barely misses the kobold zombie.
You shoot a stone. The stone hits the kobold zombie.
The kobold zombie is severely damaged.
You hear a splash.
You shoot a stone. The stone hits the kobold zombie!
You destroy the kobold zombie!
Lugonu accepts your kill.
You hear a splash.
No target in view!
No target in view!
No target in view!
No target in view!
No target in view!
No target in view!
No target in view!
d - 48 stones (gained 6)
Items here: )) ††.
d - 50 stones (gained 2)
There is an open door here.
d - 55 stones (gained 5)
You see here a +0 short sword.
d - 56 stones (gained 1)
g - 6 sling bullets (gained 1)
You enter the shallow water.
Moving in this stuff is going to be slow.
d - 59 stones (gained 3);
g - 13 sling bullets (gained 7)
Items here: ( )) †.
There is an open door here.
You open the gate.
An ufetubus and a shadow imp come into view.
You shoot a stone. The stone barely misses the shadow imp.
You hear a splash.
The ufetubus shouts!
Grinder comes into view.
You shoot a stone.
Grinder shouts!
The stone hits the shadow imp.
The shadow imp is moderately wounded.
Grinder blinks!
You shoot a stone. The stone hits the shadow imp.
The shadow imp is almost dead.
You shoot a stone.
The stone hits the shadow imp but does no damage.
The shadow imp is almost dead.
You shoot a stone.
The stone closely misses the shadow imp.
You shoot a stone. The stone barely misses the shadow imp.
The stone barely misses the ufetubus.
You shoot a stone.
The stone closely misses the shadow imp.
You hear a splash.
Grinder hits you.
You writhe in agony.
The shadow imp misses you. Grinder gestures at you.
Pain shoots through your body!
You are too injured to fight recklessly!
You take 16 damage, and have 11/27 hp.
MASSIVE DAMAGE!!
You are too injured to fight recklessly!
It was a potion of curing.
You feel better. The shadow imp closely misses you. Grinder gestures at you.
Pain shoots through your body!
You take 1 damage, and have 10/27 hp.
It was a potion of attraction.
You feel attractive to monsters. The shadow imp gestures at you.
Pain shoots through your body!
* * * LOW HITPOINT WARNING * * *
Grinder hits you.
* * * LOW HITPOINT WARNING * * *
You writhe in agony.
* * * LOW HITPOINT WARNING * * *
You take 9 damage, and have 1/27 hp.
MASSIVE DAMAGE!!
The shadow imp is attracted toward you. Grinder is attracted toward you.
As you read the scroll labelled HAUWIM HIOXIA, it crumbles to dust.
It is a scroll of amnesia.
You feel forgetful for a moment. The shadow imp gestures at you.
You resist with significant effort. Grinder hits you!
You die...

#≈≈.#..≈≈≈≈≈≈≈≈
#≈≈.#..≈≈≈≈≈≈≈≈
##+++###≈≈.#..≈≈≈≈≈≈≈≈
##.....##≈..#....≈≈≈≈≈≈
#...⌠..###.####.#≈###≈≈
+.⌠.....#...#≈≈........
+..._.⌠.'...)≈≈≈......)
+.⌠.....#.).#≈≈...)....
#...⌠.@###.####.###≈##≈
##...55##≈≈.#...≈≈≈≈≈≈≈
##'§§###≈≈.#..≈≈≈≈≈≈≈≈
#≈...≈ #≈≈.#..≈≈≈≈≈≈≈≈
#≈...≈##≈..#)≈≈≈≈≈≈≈≈≈
#≈.(.≈##≈..#.≈≈≈≈≈≈≈≈≈
#≈.(.≈##≈≈.'..≈≈≈≈≈≈≈≈
#≈...≈################
#(..(≈#


You could see Grinder and a shadow imp.

Vanquished Creatures
  A kobold brigand (Sewer)
  An adder (D:2)
  2 shadow imps (Sewer)
  3 ufetubi (Sewer)
  A worm (D:2)
  2 dart slugs (D:2)
  3 endoplasms
  5 giant cockroaches
  6 goblins (D:1)
  3 hobgoblins
  9 jackals
  18 kobolds
  2 quokkas (D:1)
  5 ball pythons
  4 bats
  4 frilled lizards
  3 kobold zombies (Sewer)
  7 rats
79 creatures vanquished.

Notes
Turn   | Place    | Note
-------+----------+-------------------------------------------
     0 | Abyss:1  | SkeletonJelly the Spriggan Abyssal Knight began the quest
                  | for the Orb.
     0 | Abyss:1  | Reached XP level 1. HP: 11/11 MP: 3/3
    32 | Abyss:2  | Noticed a wretched star
    97 | Abyss:4  | Noticed a great orb of eyes
   101 | Abyss:5  | Entered Level 5 of the Abyss
   179 | Abyss:5  | Noticed a thrashing horror
   181 | D:1      | Escaped the Abyss
   243 | D:1      | Reached skill level 1 in Slings
   338 | D:1      | Reached skill level 2 in Slings
   338 | D:1      | Reached XP level 2. HP: 16/16 MP: 4/4
   338 | D:1      | Reached * piety under Lugonu
   419 | D:1      | Reached skill level 3 in Slings
   670 | D:1      | Reached XP level 3. HP: 19/19 MP: 5/5
  1257 | D:2      | Reached skill level 4 in Slings
  1440 | D:2      | Reached ** piety under Lugonu
  1515 | D:2      | Reached XP level 4. HP: 23/23 MP: 6/6
  2360 | D:3      | Found a glowing drain.
  2371 | Sewer    | Entered a sewer
  2580 | Sewer    | Reached skill level 5 in Slings
  2633 | Sewer    | HP: 1/23 [kobold/bolt (10)]
  3340 | Sewer    | Reached skill level 1 in Stealth
  3441 | Sewer    | Found an ancient bone altar of Kikubaaqudgha.
  3441 | Sewer    | Noticed a kobold brigand
  3479 | Sewer    | Killed a kobold brigand
  3480 | Sewer    | Reached XP level 5. HP: 27/27 MP: 7/7
  3519 | Sewer    | Noticed Grinder
  3527 | Sewer    | HP: 1/27 [Grinder (1)]
  3529 | Sewer    | Mangled by Grinder

Illustrated notes

Levels and vault maps discovered:
D:1:      matt_arrival_spirals, layout_rooms, kennysheep_doodads
D:2:      layout_basic
D:3:      layout_basic, cheibrodos_sewer_entry_sluice, minmay_vboxes
Sewer:    kennysheep_sewer_church

Skill      XL: |  1  2  3  4 |
---------------+-------------+-----
Slings         | 2 3 4 5 |  5.9
Stealth        | 3 |  3.0
Fighting       | |  2.4
Short Blades   | |  2.1
Dodging        | |  3.2
Invocations    | |  1.7

Action                   |  1- 3 |  4- 6 || total
-------------------------+-------+-------++-------
Melee: Falchion          |       |     1 ||     1
 Fire: Fustibalus        |   141 |   113 ||   254
Throw: Throwing net      |       |     1 ||     1
Invok: Depart the Abyss  |     1 |       ||     1
  Use: Potion            |       |     2 ||     2
       Scroll            |       |     1 ||     1
Armor: Robe              |     6 |     6 ||    12
Dodge: Dodged            |    56 |    61 ||   117

Table legend: (Time is in decaauts)
 A = Elapsed time spent in this place.
 B = Non-inter-level travel time spent in this place.
 C = Inter-level travel time spent in this place.
 D = Time resting spent in this place.
 E = Time spent auto-exploring this place.
 F = Levels seen in this place.
 G = Mean time per level.
                   A        B        C        D        E       F      G
               +--------+--------+--------+--------+--------+-----+--------+
         Total |   2959 |   2939 |     20 |    146 |   2173 |   9 |  328.8 |
       Dungeon |   1769 |   1749 |     20 |      0 |   1404 |   3 |  589.7 |
         Abyss |    114 |    114 |      0 |      0 |      2 |   5 |   22.8 |
         Sewer |   1075 |   1075 |      0 |    146 |    766 |   1 | 1075.0 |
               +--------+--------+--------+--------+--------+-----+--------+

Top non-repeatable levels by time:
   Sewer: 1075 daAuts
     D:2: 922 daAuts
     D:1: 701 daAuts
     D:3: 145 daAuts
 Abyss:5: 48 daAuts
 Abyss:2: 25 daAuts
 Abyss:4: 19 daAuts
 Abyss:3: 14 daAuts
 Abyss:1: 5 daAuts
